Map: Deathaura LE

Players

Heeebster - Winner!

  • Race: Protoss Protoss
  • League: Diamond
  • Spawn Location: 11:00

WHYsoSERioUs

  • Race: Terran Terran
  • League: Diamond
  • Spawn Location: 5:00

VOD

Have the link to the VOD?

Description

Time

  • Played on: Nov. 15, 2020, 3:58 p.m.
  • Length: 8:58
Show
View Real Time Build Order
Export as new Build Order

Heeebster Protoss - Winner!

Build Orders: Oracle Opening, Zealot Archon 

Get SALT Encoding   

  12  0:00  Probe  
  13  0:15  Pylon  
  13  0:18  Probe  
  14  0:30  Probe (Chrono Boost)  
  14  0:33  Gateway  
  15  0:42  Probe (Chrono Boost)  
  16  0:43  Assimilator  
  16  0:47  Probe (Chrono Boost)  
  17  0:52  Assimilator  
  17  0:56  Probe  
  18  1:08  Probe  
  19  1:20  Probe  
  19  1:21  Cybernetics Core  
  20  1:33  Probe  
  21  1:46  Nexus  
  21  1:52  Pylon  
  21  1:58  Stalker (Chrono Boost)  
  23  2:04  Warp Gate  
  23  2:10  Probe  
  24  2:16  Stargate  
  24  2:26  Pylon  
  24  2:28  Probe  
  25  2:40  Probe  
  25  2:53  Probe (Chrono Boost)  
  25  2:57  Oracle (Chrono Boost)  
  26  3:05  Probe x2 (Chrono Boost)  
  31  3:10  Probe (Chrono Boost)  
  31  3:12  Probe (Chrono Boost)  
  33  3:14  Robotics Facility  
  33  3:19  Probe  
  34  3:28  Probe (Chrono Boost)  
  36  3:34  Probe (Chrono Boost)  
  36  3:39  Oracle  
  36  3:40  Probe (Chrono Boost)  
  40  3:47  Probe x2 (Chrono Boost)  
  40  3:48  Assimilator  
  42  3:55  Probe  
  42  3:56  Probe  
  42  4:01  Gateway  
  42  4:02  Gateway  
  44  4:07  Probe  
  45  4:10  Probe  
  45  4:13  Oracle (Chrono Boost)  
  46  4:19  Probe  
  46  4:22  Probe  
  48  4:25  Gateway  
  48  4:29  Twilight Council  
  48  4:31  Probe  
  48  4:32  Gateway  
  48  4:34  Probe  
  50  4:43  Probe  
  51  4:46  Probe  
  51  4:47  Assimilator  
  51  4:48  Pylon  
  52  5:00  Pylon  
  52  5:04  Immortal (Chrono Boost)  
  56  5:10  Pylon  
  56  5:12  Charge (Chrono Boost)  
  56  5:28  Gateway  
  56  5:30  Gateway  
  56  5:34  Gateway  
  56  5:35  Zealot x2  
  60  5:39  Pylon  
  60  5:40  Pylon  
  57  5:45  Probe  
  58  5:50  Zealot x3  
  58  5:56  Immortal  
  68  6:03  Templar Archives  
  68  6:07  Pylon, Zealot  
  68  6:08  Zealot  
  72  6:29  Zealot  
  72  6:30  Zealot x5  
  72  6:32  Zealot  
  83  6:36  Pylon  
  83  6:40  High Templar  
  83  6:42  Warp Prism (Chrono Boost)  
  87  6:50  High Templar x3  
  87  6:51  High Templar  
  95  6:54  Archon  
  95  6:55  Archon  
  95  6:59  Pylon  
  95  7:01  High Templar x2  
  95  7:02  Pylon  
  95  7:05  Archon  
  99  7:11  High Templar  
  99  7:14  Zealot  
  103  7:15  Archon  
  103  7:22  Zealot x3  
  109  7:30  Pylon  
  109  7:31  Pylon  
  109  7:39  Zealot x4  
  115  7:55  High Templar x3  
  89  8:22  Archon  
  89  8:23  Zealot x2  
  89  8:24  Zealot x3  
  73  8:54  Zealot x2  
  73  8:55  Zealot x6  
Show
View Real Time Build Order
Export as new Build Order

WHYsoSERioUs Terran 

Build Orders: Reaper Expand 

Get SALT Encoding   

  12  0:00  SCV  
  13  0:12  SCV  
  14  0:17  Supply Depot  
  14  0:25  SCV  
  15  0:38  SCV  
  15  0:40  Barracks  
  16  0:46  Refinery  
  16  0:51  SCV  
  17  1:03  SCV  
  18  1:15  SCV  
  19  1:27  Orbital Command  
  19  1:29  Reaper  
  20  1:39  Command Center  
  20  1:54  SCV  
  21  2:01  Marine  
  21  2:04  Supply Depot  
  21  2:06  SCV  
  23  2:10  Factory  
  23  2:25  Bunker  
  23  2:26  SCV  
  23  2:27  Barracks Tech Lab  
  24  2:30  Refinery  
  24  2:38  SCV  
  25  2:50  SCV  
  26  2:57  Orbital Command  
  25  3:02  Cyclone  
  28  3:07  SCV  
  29  3:15  Marine  
  29  3:19  SCV, Mag-Field Accelerator  
  31  3:23  SCV  
  31  3:25  Refinery  
  31  3:27  Refinery  
  32  3:32  SCV  
  33  3:37  Command Center  
  33  3:38  SCV  
  33  3:39  Marine  
  33  3:40  Cyclone  
  38  3:44  SCV  
  39  3:48  Supply Depot  
  39  3:50  SCV  
  40  3:56  SCV  
  40  3:57  Marine  
  37  4:17  SCV x2  
  38  4:24  Cyclone  
  42  4:26  Barracks Reactor  
  42  4:29  SCV  
  43  4:32  SCV  
  43  4:33  Factory  
  44  4:40  Engineering Bay  
  44  4:41  SCV  
  45  4:46  SCV  
  45  4:48  Orbital Command  
  46  4:53  SCV  
  46  4:56  Cyclone  
  46  4:59  SCV  
  51  5:00  Factory  
  51  5:05  SCV  
  52  5:11  SCV  
  52  5:13  Missile Turret  
  53  5:15  Missile Turret, Orbital Command  
  53  5:22  SCV, Missile Turret  
  53  5:23  Barracks Tech Lab  
  53  5:24  SCV  
  55  5:30  Widow Mine x2, Cyclone  
  55  5:34  SCV  
  63  5:40  Missile Turret  
  63  5:51  Factory Tech Lab  
  63  5:55  SCV  
  64  5:58  SCV  
  64  6:00  SCV  
  66  6:07  SCV  
  66  6:10  Missile Turret, SCV  
  68  6:12  Missile Turret, SCV  
  69  6:21  Armory  
  69  6:23  Armory  
  69  6:24  SCV  
  69  6:25  SCV  
  69  6:45  Supply Depot  
  69  6:46  Supply Depot x2  
  69  6:47  Supply Depot  
  69  7:00  Command Center  
  69  7:06  SCV x2, Cyclone x2  
  69  7:07  SCV  
  69  7:08  Widow Mine x2  
  82  7:09  Drilling Claws  
  82  7:18  Starport  
  82  7:21  Factory  
  82  7:22  SCV x2  
  84  7:25  Factory  
  84  7:28  SCV  
  85  7:34  SCV, Refinery x2  
  85  7:35  SCV  
  87  7:38  Cyclone x2  
  86  8:07  Factory Tech Lab  
  86  8:08  Factory Reactor  
  86  8:10  Cyclone x2  
  82  8:17  Widow Mine x2  
Tags
 
Add a new tag
Caveats
  • Supply blocks, unpowered buildings, or Contaminate may cause inaccurate times.
  • Supply counts are checked every 10 seconds.